 Dungeon Crawl Stone Soup version 0.30-b1-2-g02819fbbbe (webtiles) character file.

Game seed: 2464501803076007858

11 Borgoz the Trooper (level 2, 0/19 HPs)
             Began as a Gargoyle Berserker on June 18, 2023.
             Was a Follower of Trog.
             Slain by a jackal (1 damage)
             ... on level 2 of the Dungeon.
             The game lasted 00:00:37 (648 turns).

Borgoz the Trooper (Gargoyle Berserker)              Turns: 648, Time: 00:00:38

Health: 0/19       AC:  6    Str: 20    XL:     2   Next: 29%
Magic:  2/2        EV: 11    Int:  7    God:    Trog [*.....]
Gold:   29         SH:  4    Dex:  9    Spells: 1/1 levels left

rFire   . . .        a - +0 mace
rCold   . . .        g - +2 buckler
rNeg    + . .        b - +0 animal skin
rPois   ∞            (no helmet)
rElec   +            f - +0 cloak
rCorr   .            (no gloves)
SInv    .            (no boots)
Will    .....        (no amulet)
Stlth   +            (no ring)
HPRegen 0.23/turn    (no ring)
MPRegen 0.08/turn

%: no passive effects
@: on berserk cooldown, slowed, very slow
A: sickness immunity, AC +2, negative energy resistance 1, electricity
resistance, torment resistance 1, petrification resistance
a: Renounce Religion, Berserk


You were on level 2 of the Dungeon.
You worshipped Trog.
Trog was aware of your devotion.
You visited 1 branch of the dungeon, and saw 2 of its levels.

You collected 29 gold pieces.

Inventory:

Hand Weapons
 a - a +0 mace (weapon)
Armour
 b - a +0 animal skin (worn)
 f - a +0 cloak (worn)
 g - a +2 buckler (worn)
Jewellery
 j - a ring of magical power
Scrolls
 d - a scroll of summoning {unknown}
 e - a scroll of enchant armour {unknown}
Potions
 c - a potion of might {unknown}
 h - a potion of curing {unknown}
 i - 2 potions of haste {unknown}


   Skills:
 + Level 3.4 Fighting
 * Level 3.2 Maces & Flails
 + Level 2.4 Armour
 + Level 1.7 Dodging


You had one spell level left.
You didn't know any spells.
Your spell library was empty.

Dungeon Overview and Level Annotations

Branches:
Dungeon (2/15)

Altars:


Innate Abilities, Weirdness & Mutations

You are immune to sickness and miasma.
Your stone body is resilient. (AC +2)
You are immune to poison.
You resist negative energy. (rN+)
You are resistant to electric shocks. (rElec)
You are resistant to unholy torment.
You are immune to petrification.


Message History

The jackal barely misses you. The rat bites you but does no damage.
The hobgoblin barely misses you.
You barely miss the jackal. The bat closely misses you. The jackal bites you.
* * * LOW HITPOINT WARNING * * *
You block the quokka's attack. The rat bites you.
* * * LOW HITPOINT WARNING * * *
The hobgoblin closely misses you.
You thump the quokka!
You kill the quokka!
Trog accepts your kill. You block the bat's attack.
The jackal barely misses you. The rat bites you but does no damage.
The hobgoblin hits you but does no damage.
You sock the hobgoblin!
You kill the hobgoblin!
Trog accepts your kill. You block the jackal's attack. The jackal bites you.
* * * LOW HITPOINT WARNING * * *
The rat bites you but does no damage. The bat closely misses you.
You barely miss the rat. The bat hits you but does no damage.
You block the jackal's attack.
You miss the bat. The bat closely misses you. The rat misses you.
The jackal bites you but does no damage.
A ball python comes into view.
You barely miss the rat.
The ball python hisses angrily.
The jackal closely misses you. The rat bites you.
* * * LOW HITPOINT WARNING * * *
The bat hits you.
* * * LOW HITPOINT WARNING * * *
You completely miss the quokka. The bat hits you but does no damage. x2
The quokka closely misses you.
The jackal bites you but does no damage.
The rat closely misses you.
You barely miss the quokka.
You are no longer berserk.
You are exhausted.
You feel yourself slow down. The bat hits you but does no damage.
The jackal bites you.
You die...

## #...........
..##........>..
...............
....$..........
...............
...............
#...rr......
#..)@†......
#.#†.hb.....
...........
###.........
#.........
##.....S..
##.......
#..#...


You could see a quokka, a jackal, a bat, a ball python and a rat.

Vanquished Creatures
  A hobgoblin (D:2)
  3 jackals (D:2)
  3 quokkas
  2 kobolds
  A rat (D:2)
10 creatures vanquished.

Notes
Turn   | Place    | Note
-------+----------+-------------------------------------------
     0 | D:1      | Borgoz the Gargoyle Berserker began the quest for the Orb.
     0 | D:1      | Reached XP level 1. HP: 14/14 MP: 1/1
   183 | D:1      | Found a faded altar of an unknown god.
   640 | D:2      | Reached XP level 2. HP: 8/19 MP: 2/2
   648 | D:2      | Slain by a jackal

Illustrated notes

Levels and vault maps discovered:
D:1:      minmay_arrival_stone_box, layout_basic,
          ebering_ecumenical_altar_abandoned, hangedman_decor_clover_reticule
D:2:      layout_rooms, basic_altar, st_stairs_14, minivault_4

Action                     || total
---------------------------++-------
  Melee: Mace              ||    28
 Invoke: Berserk           ||     1
 Armour: Animal skin       ||    25
  Dodge: Dodged            ||    38
  Block: Buckler           ||    11
